 Dungeon Crawl Stone Soup version 0.28-a0-128-gcbb86046cc (webtiles) character file.

Game seed: 10384361613536358040

81 siradein the Shield-Bearer (level 4, 0/44 HPs)
             Began as a Troll Fighter on Aug 16, 2021.
             Killed by divine providence
             ... invoked by an orc priest
              (15 damage)
             ... on level 3 of the Dungeon.
             The game lasted 00:04:10 (1952 turns).

siradein the Shield-Bearer (Troll Fighter)          Turns: 1952, Time: 00:04:10

Health: 0/44       AC:  5    Str: 25    XL:     4   Next: 20%
Magic:  3/3        EV:  8    Int:  4    God:
Gold:   97         SH:  9    Dex:  9    Spells: 3/3 levels left

rFire   . . .      SeeInvis .   a - +0 flail
rCold   . . .      Faith    .   c - +0 kite shield
rNeg    . . .      Spirit   .   b - +0 robe
rPois   .          Reflect  .   (helmet restricted)
rElec   .          Harm     .   n - +0 cloak
rCorr   .          Rampage  .   (gloves unavailable)
Will    .....                   (boots unavailable)
Stlth   +.........              (no amulet)
HPRegen 1.14/turn               (no ring)
MPRegen 0.08/turn               (no ring)

@: no status effects
A: large, unfitting armour, claws 3, regeneration 1, shaggy fur 1, tough skin 1
a: no special abilities


You were on level 3 of the Dungeon.
You visited 1 branch of the dungeon, and saw 3 of its levels.

You collected 97 gold pieces.

Inventory:

Hand Weapons
 a - a +0 flail (weapon)
Missiles
 j - 4 javelins (quivered)
 k - 5 boomerangs of dispersal
Armour
 b - a +0 robe (worn)
 c - a +0 kite shield (worn)
 n - a +0 cloak (worn)
Jewellery
 g - a ring of fire
Wands
 m - a wand of paralysis (10)
Scrolls
 e - a scroll of silence {unknown}
 f - 2 scrolls of identify {unknown}
 i - a scroll of blinking {unknown}
 l - a scroll of enchant armour {unknown}
 o - a scroll of immolation {unknown}
Potions
 d - a potion of might
 h - a potion of degeneration {unknown}


   Skills:
 - Level 2.4 Fighting
 + Level 3.1 Maces & Flails
 - Level 2.4 Dodging
 + Level 3.4 Shields


You had 3 spell levels left.
You didn't know any spells.
Your spell library was empty.

Dungeon Overview and Level Annotations

Branches:
Dungeon (3/15)

Altars:

Shops:
D:1 (


Innate Abilities, Weirdness & Mutations

You are too large for most types of armour.
You have claws for hands.
Your natural rate of healing is unusually fast.
You are covered in fur. (AC +1)
You have tough skin. (AC +1)


Message History

You barely miss the orc. The orc barely misses you.
You barely miss the orc. The orc hits you but does no damage. x2
You thump the orc!
You kill the orc!
You completely miss the orc priest.
The orc priest is moderately wounded.
The orc priest hits you with a +0 club.
The orc priest mumbles some strange prayers to Beogh against you.
Beogh smites you!
You hit the orc priest.
The orc priest is severely wounded.
You block the orc priest's attack.
You barely miss the orc priest.
The orc priest is severely wounded.
The orc priest invokes the aid of Beogh against you.
Pain shoots through your body!
The orc priest hits you but does no damage.
You closely miss the orc priest.
The orc priest is severely wounded.
You block the orc priest's attack.
You closely miss the orc priest.
The orc priest is severely wounded.
The orc priest looks braver for a moment.
The orc priest hits you with a +0 club. You block the orc priest's attack.
You barely miss the orc priest.
The orc priest is heavily wounded.
The orc priest hits you but does no damage.
You closely miss the orc priest.
The orc priest is heavily wounded.
You block the orc priest's attack. The orc priest hits you with a +0 club.
You barely miss the orc priest.
The orc priest is heavily wounded.
The orc priest mumbles some strange prayers to Beogh against you.
Beogh smites you! The orc priest hits you with a +0 club.
You hit the orc priest.
The orc priest is almost dead.
The orc priest barely misses you.
The orc priest invokes the aid of Beogh against you.
Beogh smites you!
You die...

......# #.......#
......# #.......# ###
#'##### ############..#
#.# #.......... #.#
#.......... ..#
#..........
##############..........
#................).....
#.#############@#######
#.# #<# #o# #.# #.# #o#
#.# #.# #o# ##.# #.# #.#
##.#######.# #.#
'..........# ..#
##.........# ###
##.........#


You could see 2 orc priests and an orc.

Vanquished Creatures
  2 adders (D:2)
  A worm (D:2)
  A dart slug (D:1)
  An orc (D:3)
  5 bats
  3 endoplasms
  2 giant cockroaches (D:1)
  5 goblins
  6 hobgoblins
  5 jackals
  3 quokkas
  6 ball pythons
  4 frilled lizards
  5 kobolds (D:1)
  6 rats
55 creatures vanquished.

Notes
Turn   | Place    | Note
-------+----------+-------------------------------------------
     0 | D:1      | siradein the Troll Fighter began the quest for the Orb.
     0 | D:1      | Reached XP level 1. HP: 22/22 MP: 0/0
   120 | D:1      | Reached XP level 2. HP: 29/29 MP: 1/1
   244 | D:1      | Found Edemoj's Weapon Shop.
   510 | D:1      | Reached XP level 3. HP: 36/36 MP: 2/2
  1490 | D:2      | Reached XP level 4. HP: 44/44 MP: 3/3
  1952 | D:3      | Killed from afar by an orc priest

Illustrated notes

Levels and vault maps discovered:
D:1:      wander_arrival_peaceful_grave, layout_basic, serial_shops, shop,
          minmay_tetromino_t4
D:2:      layout_basic
D:3:      layout_basic, amethyst_overflow_temple_binary,
          hangedman_decor_clover_reticule, nrook_mini_backslash, uniq_terence

Skill      XL: |  1  2  3 |
---------------+----------+-----
Maces & Flails | 2 3 |  3.1
Shields        | 3 |  3.4
Fighting       | |  2.4
Dodging        | |  2.4

Action                   |  1- 3 |  4- 6 || total
-------------------------+-------+-------++-------
Melee: Flail             |   176 |    24 ||   200
 Stab: Sleeping          |     1 |       ||     1
Armor: Robe              |    63 |     7 ||    70
Dodge: Dodged            |    86 |     4 ||    90
Block: Kite shield       |    93 |    11 ||   104

Table legend: (Time is in decaauts)
 A = Elapsed time spent in this place.
 B = Non-inter-level travel time spent in this place.
 C = Inter-level travel time spent in this place.
 D = Time resting spent in this place.
 E = Time spent auto-exploring this place.
 F = Levels seen in this place.
 G = Mean time per level.
                   A        B        C        D        E       F      G
               +--------+--------+--------+--------+--------+-----+--------+
         Total |   2045 |   1944 |    101 |      0 |   1426 |   3 |  681.7 |
       Dungeon |   2045 |   1944 |    101 |      0 |   1426 |   3 |  681.7 |
               +--------+--------+--------+--------+--------+-----+--------+

Top non-repeatable levels by time:
     D:1: 1016 daAuts
     D:2: 845 daAuts
     D:3: 184 daAuts
